 Dungeon Crawl Stone Soup version 0.26.0-10-g1f06aea511 (webtiles) character file.

Game seed: 9761063936506993594

3040 funkygono the Thaumaturge (level 9, -1/64 HPs)
             Began as a Purple Draconian Conjurer on Feb 3, 2021.
             Was a Believer of Sif Muna.
             Killed from afar by a swamp worm (15 damage)
             ... with a harpoon shot
             ... on level 7 of the Dungeon.
             The game lasted 00:19:25 (8792 turns).

funkygono the Thaumaturge (DrCj)                    Turns: 8792, Time: 00:19:25

Health: -1/64      AC:  8    Str: 10    XL:     9   Next: 56%
Magic:  20/22      EV: 12    Int: 21    God:    Sif Muna [**....]
Gold:   370        SH:  0    Dex: 10    Spells: 17/27 levels left

rFire    . . .     SeeInvis .   k - +3 whip (elec)
rCold    . . .     Faith    .   (no shield)
rNeg     . . .     Spirit   .   (armour unavailable)
rPois    +         Reflect  .   (helmet restricted)
rElec    .         Harm     .   (no cloak)
rCorr    .         Rampage  .   (no gloves)
Will     +....                  c - +0 pair of boots
Stlth    +.........             (no amulet)
HPRegen  0.20/turn              h - ring of poison resistance
MPRegen  0.18/turn              b - +4 ring of slaying

@: very slow
A: breathe power, unfitting armour, cold-blooded, AC +7
a: Breathe Dispelling Energy, Renounce Religion, Channel Magic


You were on level 7 of the Dungeon.
You worshipped Sif Muna.
Sif Muna was pleased with you.
You visited 2 branches of the dungeon, and saw 8 of its levels.

You collected 370 gold pieces.

Inventory:

Hand Weapons
 i - the cursed +1 long sword of Wups {drain, *Contam rN+ MP+9 Str+3, unknown}
   (You found it on level 6 of the Dungeon)

   A truly terrible weapon, it drains the life of those it strikes.
   It affects your strength (+3).
   It protects you from negative energy.
   It affects your magic capacity (+9).
   It causes magical contamination when unequipped.
   It has a curse placed upon it.
 k - a +3 whip of electrocution (weapon)
Missiles
 a - 266 stones (quivered)
Armour
 c - a +0 pair of boots (worn)
Jewellery
 b - a +4 ring of slaying (right hand)
 h - a ring of poison resistance (left hand)
Scrolls
 d - 4 scrolls of blinking
 f - 2 scrolls of amnesia
 j - 2 scrolls of identify
 n - a scroll of teleportation
 p - 3 scrolls of enchant weapon
 q - a scroll of fog {unknown}
Potions
 e - 2 potions of haste
 g - 5 potions of curing
 l - 3 potions of mutation
 m - a potion of brilliance
 o - a potion of lignification


   Skills:
 + Level 1.3 Fighting
 + Level 1.4 Maces & Flails
 + Level 2.4 Dodging
 + Level 2.6 Stealth
 * Level 9.5 Spellcasting
 * Level 9.5 Conjurations
 * Level 4.9 Hexes


You had 17 spell levels left.
You knew the following spells:

 Your Spells              Type           Power        Failure   Level
a - Magic Dart            Conj           100%         1%          1
b - Searing Ray           Conj           100%         1%          2
c - Dazzling Flash        Conj/Hex       80%          1%          3
d - Fulminant Prism       Conj/Hex       20%          3%          4

Your spell library contained the following spells:

 Spells                   Type           Power        Failure   Level
 Summon Small Mammal      Summ           40%          7%          1
 Summon Guardian Golem    Hex/Summ       20%          8%          3
 Iskenderun's Mystic Bla  Conj/Tloc      30%          10%         4
 Call Imp                 Summ           10%          11%         2
 Call Canine Familiar     Summ           10%          21%         3
 Summon Ice Beast         Ice/Summ       10%          56%         4
 Summon Lightning Spire   Summ/Air       10%          56%         4


Dungeon Overview and Level Annotations

Branches:
Dungeon (7/15)             Temple (1/1) D:4

Altars:
Ashenzari
Elyvilon
Fedhas
Gozag
Makhleb
Nemelex Xobeh
Okawaru
Qazlal
Ru
Sif Muna
Uskayaw
Wu Jian
Xom
Yredelemnul
The Shining One

Shops:
D:5 [


Innate Abilities, Weirdness & Mutations

You can breathe bolts of dispelling energy.
Your rich purple scales are hard. (AC +7)
You cannot fit into any form of body armour.
You are cold-blooded and may be slowed by cold attacks.


Message History

The swamp worm fires a harpoon shot at you.
The harpoon shot misses you.
The searing ray misses the swamp worm.
You finish channeling your searing ray.
The swamp worm fires a harpoon shot at you.
The harpoon shot hits you!
You are yanked forward by the harpoon shot.
You violently stop moving!
* * * LOW HITPOINT WARNING * * *
Splash!
Press: ? - help, Shift-Dir - straight line, f/p - swamp worm
Aim: a swamp worm (almost dead)
You breathe a bolt of dispelling energy.
The bolt of dispelling energy hits the swamp worm!
You kill the swamp worm!
Sif Muna accepts your kill.
You have got your breath back.
A swamp worm comes into view.
The swamp worm fires a harpoon shot at you.
The harpoon shot hits you!
You die...

#.#
########..#.#
#.#
#.......).#.#
#.#
#.#######>#.#
# #.######'###
#.# .###
#....#.....#
#.# #...#
#....#.....#
#.# #..#.#
#....#.....#
#.##≈≈≈≈≈#
#....#.....#
#.#≈≈≈≈w≈≈
#....'.)<..#
##@≈†≈#
######.....#
#≈≈≈###
##########≈≈##
# #..≈≈# #
#.#≈≈# #
#.#≈≈≈#
#.##≈≈≈≈ # #.
#..≈≈≈≈ # #.
##.#≈≈≈


You could see a swamp worm.

Vanquished Creatures
  An ugly thing (D:7)
  Menkaure (D:6)
  A swamp worm (D:7)
  A water moccasin (D:7)
  An orc warrior (D:7)
  An ice beast (D:7)
  A necrophage (D:7)
  2 ogres
  4 centaurs
  2 phantoms
  4 bullfrogs
  A scorpion (D:7)
  4 wights (D:6)
  A jelly (D:7)
  5 orc wizards
  3 bullfrog skeletons
  An orc priest (D:7)
  2 hounds
  An iguana (D:5)
  Jessica (D:2)
  8 worker ants
  5 gnolls
  7 adders
  A shadow imp (D:5)
  A white imp (D:5)
  4 ufetubi
  An ooze (D:5)
  An adder zombie (D:5)
  3 worms
  2 dart slugs
  5 leopard geckos
  29 orcs
  2 ball pythons
  6 giant cockroaches
  7 goblins
  7 hobgoblins
  10 jackals
  A quokka (D:4)
  7 bats
  5 frilled lizards
  A jackal skeleton (D:4)
  7 kobolds
  A quokka skeleton (D:7)
  5 rats
164 creatures vanquished.

Vanquished Creatures (others)
  3 fulminant prisms (D:7)
  2 plants (D:7)
5 creatures vanquished.

Grand Total: 169 creatures vanquished

Notes
Turn   | Place    | Note
-------+----------+-------------------------------------------
     0 | D:1      | funkygono the Draconian Conjurer began the quest for the
                  | Orb.
     0 | D:1      | Reached XP level 1. HP: 14/14 MP: 3/3
   270 | D:1      | Reached XP level 2. HP: 20/20 MP: 3/5
   273 | D:1      | Learned a level 2 spell: Searing Ray
  1015 | D:2      | Reached XP level 3. HP: 26/26 MP: 2/6
  1066 | D:2      | Learned a level 3 spell: Dazzling Flash
  1193 | D:2      | Noticed Jessica
  1238 | D:2      | Killed Jessica
  1239 | D:2      | Reached skill level 5 in Conjurations
  1379 | D:2      | Reached XP level 4. HP: 33/33 MP: 5/7
  2465 | D:3      | Reached XP level 5. HP: 34/38 MP: 4/9
  2830 | D:3      | Found a sacrificial altar of Ru.
  2849 | D:3      | Found a sparkling altar of Nemelex Xobeh.
  2852 | D:3      | Found a stormy altar of Qazlal.
  2855 | D:3      | Found a glowing golden altar of the Shining One.
  3266 | D:3      | Learned a level 4 spell: Fulminant Prism
  3352 | D:4      | Found a basalt altar of Yredelemnul.
  3647 | D:4      | Reached XP level 6. HP: 45/45 MP: 8/12
  3695 | D:4      | Found a staircase to the Ecumenical Temple.
  3709 | Temple   | Entered the Ecumenical Temple
  3784 | Temple   | Became a worshipper of Sif Muna the Loreminder
  4151 | D:4      | Reached skill level 1 in Hexes
  4666 | D:4      | Your scales start taking on a rich purple colour.
  4666 | D:4      | Reached skill level 5 in Spellcasting
  4666 | D:4      | Reached XP level 7. HP: 50/50 MP: 10/15
  5083 | D:5      | Entered Level 5 of the Dungeon
  5125 | D:5      | Reached * piety under Sif Muna
  5693 | D:5      | Reached skill level 1 in Maces & Flails
  6201 | D:5      | Found a white marble altar of Elyvilon.
  6232 | D:5      | Found Jeyrar's Armour Boutique.
  6304 | D:6      | Got a bloodstained long sword
  6319 | D:6      | Reached XP level 8. HP: 36/58 MP: 10/18
  6819 | D:6      | Noticed Menkaure
  6837 | D:6      | Killed Menkaure
  7553 | D:7      | Reached skill level 1 in Fighting
  7707 | D:7      | Reached XP level 9. HP: 64/64 MP: 14/21
  7824 | D:7      | Reached ** piety under Sif Muna
  8663 | D:7      | Noticed a cyan ugly thing
  8675 | D:7      | Killed a cyan ugly thing
  8792 | D:7      | Killed from afar by a swamp worm

Illustrated notes

Levels and vault maps discovered:
D:1:      dpeg_arrival_triangle_fractal, layout_rooms
D:2:      layout_basic, kennysheep_crisscross, cheibrodos_gnoll_hut,
          uniq_jessica
D:3:      layout_basic, grunt_temple_overflow_cloverleaf,
          guppyfry_early_lair_pool
D:4:      minmay_chambers_of_threes, layout_loops_ring, kennysheep_mini_moat,
          minmay_temple_entry_gardened_gates
D:5:      layout_basic, lemuel_coloured_pillars_altar, serial_shops,
          nicolae_shop_behind_doors
D:6:      layout_basic, minmay_between, uniq_menkaure
D:7:      layout_basic, serial_rivers, chequers_serial_rivers_large_b,
          chequers_serial_rivers_micro_b, chequers_serial_rivers_small_a,
          chequers_serial_rivers_room_b, chequers_serial_rivers_micro_a,
          worms_lemuel
Temple:   jpeg_temple_island

Skill      XL: |  1  2  3  4  5  6  7  8  9 |
---------------+----------------------------+-----
Conjurations   | 5 6 7 8 9 |  9.5
Spellcasting   | 3 4 5 6 8 9 |  9.5
Dodging        | 2 |  2.4
Stealth        | 2 |  2.6
Hexes          | 2 4 |  4.9
Maces & Flails | 1 |  1.4
Fighting       | 1 |  1.3

Action                   |  1- 3 |  4- 6 |  7- 9 || total
-------------------------+-------+-------+-------++-------
Melee: Whip              |     1 |     7 |     7 ||    15
 Cast: Magic Dart        |    49 |    77 |    82 ||   208
       Searing Ray       |     3 |    26 |    42 ||    71
       Dazzling Flash    |       |       |     8 ||     8
       Fulminant Prism   |       |       |     3 ||     3
 Abil: Breathe Dispellin |       |       |     3 ||     3
  Use: Scroll            |     7 |     1 |     9 ||    17
       Potion            |       |       |     1 ||     1
Armor: Skin              |    11 |     5 |    12 ||    28
Dodge: Dodged            |    12 |    17 |    30 ||    59
